 Dungeon Crawl Stone Soup version 0.31-a0-278-g485e682e34 (webtiles) character file.

Game seed: 12981201781203420527

539 AdnanSaban the Cudgeller (level 7, -2/44 HPs)
             Began as a Gargoyle Fighter on July 16, 2023.
             Slain by an ogre
             ... wielding a +0 giant club
              (24 damage)
             ... on level 6 of the Dungeon.
             The game lasted 00:06:10 (3122 turns).

AdnanSaban the Cudgeller (Gargoyle Fighter)         Turns: 3122, Time: 00:06:11

Health: -2/44      AC: 26    Str: 21    XL:     7   Next: 26%
Magic:  7/7        EV:  6    Int:  9    God:
Gold:   164        SH:  4    Dex:  9    Spells: 6/6 levels left

rFire   . . .        t - +1 flail (protect)
rCold   . . .        c - +0 buckler
rNeg    + + .        x - +0 plate armour "Onekuatu" {rN+}
rPois   ∞            (no helmet)
rElec   +            z - +0 cloak
rCorr   .            s - +0 pair of gloves
SInv    .            (no boots)
Will    .....        m - amulet of regeneration Stlth
                     (no ring)
HPRegen 1.07/turn    (no ring)
MPRegen 0.10/turn

%: no passive effects
@: under a protective aura
A: sickness immunity, AC +4, negative energy resistance 1, electricity
resistance, torment resistance 1, petrification resistance
a: no special abilities


You were on level 6 of the Dungeon.
You visited 1 branch of the dungeon, and saw 6 of its levels.

You collected 164 gold pieces.

Inventory:

Hand Weapons
 t - a +1 flail of protection (weapon)
Armour
 c - a +0 buckler (worn)
 s - a +0 pair of gloves (worn)
 x - the +0 plate armour "Onekuatu" (worn) {rN+}
   (You found it on level 4 of the Dungeon)

   rN:        It protects you from negative energy.
 z - a +0 cloak (worn)
Jewellery
 b - an amulet of guardian spirit
 h - a +6 ring of intelligence
 m - an amulet of regeneration (around neck)
 n - a +6 ring of intelligence
 u - an amulet of the acrobat
Wands
 i - a wand of digging (4)
Scrolls
 a - a scroll of revelation {unknown}
 j - 2 scrolls of teleportation {unknown}
 k - 4 scrolls of identify {unknown}
 l - 3 scrolls of amnesia {unknown}
 p - a scroll of summoning {unknown}
 r - a scroll of blinking {unknown}
 v - a scroll of poison {unknown}
 w - a scroll of enchant weapon {unknown}
 y - a scroll of noise {unknown}
Potions
 d - a potion of might
 e - a potion of mutation {unknown}
 f - a potion of curing {unknown}
 g - a potion of brilliance {unknown}
 o - a potion of berserk rage {unknown}
 q - 2 potions of attraction {unknown}
 A - a potion of enlightenment {unknown}


   Skills:
 + Level 4.7 Fighting
 + Level 5.4 Maces & Flails
 + Level 5.1 Armour
 + Level 4.4 Shields


You had 6 spell levels left.
You didn't know any spells.
Your spell library contained the following spells:

 Spells                   Type           Power      Damage    Failure   Level
 Slow                     Hex            0%         N/A       100%        1
 Wereblood                Tmut           0%         N/A       100%        2
 Call Canine Familiar     Summ           0%         N/A       100%        3
 Confusing Touch          Hex            0%         N/A       100%        3
 Portal Projectile        Hex/Tloc       0%         N/A       100%        3
 Vampiric Draining        Necr           0%         2d6       100%        3
 Leda's Liquefaction      Hex/Erth       0%         N/A       100%        4
 Irradiate                Conj/Tmut      0%         3d11      100%        5


Dungeon Overview and Level Annotations

Branches:
Dungeon (6/15)
 Temple: D:4-7

Altars:
Sif Muna
Trog
Vehumet
Xom
Zin


Innate Abilities, Weirdness & Mutations

You are immune to sickness and miasma.
Your stone body is resilient. (AC +4)
You are immune to poison.
You resist negative energy. (rN+)
You are resistant to electric shocks. (rElec)
You are resistant to unholy torment.
You are immune to petrification.


Message History

The iguana is lightly wounded.
The iguana bites you but does no damage.
The ogre hits you but does no damage.
You closely miss the iguana.
The iguana is lightly wounded.
The iguana barely misses you.
You hit the iguana.
The iguana is moderately wounded.
The iguana barely misses you. The ogre hits you but does no damage.
The iguana bites you but does no damage.
You hit the iguana.
The iguana is heavily wounded.
The ogre hits you with a +0 giant club! The iguana bites you.
You hit the iguana but do no damage.
The iguana is heavily wounded.
The iguana bites you but does no damage.
The ogre hits you with a +0 giant club.
You are too injured to fight recklessly!
You are too injured to fight recklessly!
You are too injured to fight recklessly!
You are too injured to fight recklessly!
You are too injured to fight recklessly!
You are too injured to fight recklessly!
You are too injured to fight recklessly!
You are too injured to fight recklessly!
You are too injured to fight recklessly!
You are too injured to fight recklessly!
You are too injured to fight recklessly!
You are too injured to fight recklessly!
You are too injured to fight recklessly!
You are too injured to fight recklessly!
You are too injured to fight recklessly!
You are too injured to fight recklessly!
You are too injured to fight recklessly!
You are too injured to fight recklessly!
You sock the iguana!
You kill the iguana!
The ogre hits you with a +0 giant club!!
Ouch! That really hurt!
You die...

. ...
####.....
#@.......
#...O......
#...........
#............
#.......[.....
#.............
##............
##...........


You could see an ogre.

Vanquished Creatures
  A wraith (D:5)
  A howler monkey (D:4)
  A hound (D:5)
  2 orc priests (D:4)
  A jelly (D:6)
  A sleepcap (D:4)
  An iguana (D:6)
  9 adders
  3 ufetubi
  4 worms
  A dart slug (D:3)
  18 orcs
  4 ball pythons
  4 endoplasms
  A giant cockroach (D:2)
  2 goblins
  2 hobgoblins
  6 jackals
  4 kobolds
  5 quokkas
  6 bats
  5 frilled lizards
  5 rats
87 creatures vanquished.

Notes
Turn   | Place    | Note
-------+----------+-------------------------------------------
     0 | D:1      | AdnanSaban the Gargoyle Fighter began the quest for the
                  | Orb.
     0 | D:1      | Reached XP level 1. HP: 14/14 MP: 1/1
   249 | D:1      | Reached XP level 2. HP: 19/19 MP: 2/2
   704 | D:2      | Reached XP level 3. HP: 22/24 MP: 3/3
   862 | D:2      | Reached XP level 4. HP: 21/29 MP: 4/4
   909 | D:2      | Found a faded altar of an unknown god.
  1389 | D:4      | Reached XP level 5. HP: 16/33 MP: 5/5
  1958 | D:4      | Identified the +0 plate armour "Onekuatu" {rN+}
  2020 | D:4      | Reached XP level 6. HP: 38/38 MP: 6/6
  2639 | D:4      | Found a glowing silver altar of Zin.
  2837 | D:5      | Entered Level 5 of the Dungeon
  2951 | D:5      | Found a shimmering altar of Xom.
  2954 | D:5      | Found a radiant altar of Vehumet.
  2954 | D:5      | Noticed a wraith
  2955 | D:5      | Found a shimmering blue altar of Sif Muna.
  3001 | D:5      | Killed a wraith
  3002 | D:5      | Reached skill level 5 in Maces & Flails
  3002 | D:5      | Reached skill level 5 in Armour
  3002 | D:5      | Reached XP level 7. HP: 37/44 MP: 7/7
  3008 | D:5      | Found a bloodstained altar of Trog.
  3122 | D:6      | Slain by an ogre

Illustrated notes

Levels and vault maps discovered:
D:1:      dpeg_arrival_boxorama, layout_loops_ring
D:2:      layout_rooms, ebering_ecumenical_altar_rust, nrook_uturn,
          serial_bayou_lagoon_b
D:3:      layout_loops_ring
D:4:      layout_basic, mainiacjoe_overflow_boulevard, minmay_surrounded
D:5:      layout_basic, grunt_temple_overflow_open
D:6:      layout_cave_pods, nicolae_overflow_hidden_temple,
          lemuel_crystal_altar, okawaru_gym_becter,
          minmay_temple_entry_junction, serial_shops,
          nicolae_shop_gibbet_a_chance, gammafunk_ghost_grave, minivault_19

Skill      XL: |  1  2  3  4  5  6 |
---------------+-------------------+-----
Armour         | 4 5 |  5.1
Maces & Flails | 3 4 5 |  5.4
Fighting       | 4 |  4.7
Shields        | 4 |  4.4

Action                     |  1- 3 |  4- 6 |  7- 9 || total
---------------------------+-------+-------+-------++-------
  Melee: Flail             |   118 |   232 |    31 ||   381
 Armour: Scale mail        |    98 |    65 |       ||   163
         Plate armour      |       |    97 |    84 ||   181
  Dodge: Dodged            |    77 |   105 |    42 ||   224
  Block: Buckler           |    29 |    59 |    25 ||   113

Table legend: (Time is in decaauts)
 A = Elapsed time spent in this place.
 B = Non-inter-level travel time spent in this place.
 C = Inter-level travel time spent in this place.
 D = Time resting spent in this place.
 E = Time spent auto-exploring this place.
 F = Levels seen in this place.
 G = Mean time per level.
                   A        B        C        D        E       F      G
               +--------+--------+--------+--------+--------+-----+--------+
         Total |   3272 |   3144 |    128 |     17 |   2205 |   6 |  545.3 |
       Dungeon |   3272 |   3144 |    128 |     17 |   2205 |   6 |  545.3 |
               +--------+--------+--------+--------+--------+-----+--------+

Top non-repeatable levels by time:
     D:4: 991 daAuts
     D:3: 689 daAuts
     D:2: 638 daAuts
     D:1: 610 daAuts
     D:5: 307 daAuts
     D:6: 36 daAuts
